 Dungeon Crawl Stone Soup version 0.25-b1-46-gb8a1ec05df (webtiles) character file.

Game seed: 10683217799795859051

35 DRShiny the Sneak (level 3, 0/21 HPs)
             Began as a Kobold Assassin on June 11, 2020.
             Killed from afar by a dart slug (4 damage)
             ... with a slug dart
             ... on level 2 of the Dungeon.
             The game lasted 00:09:51 (1607 turns).

DRShiny the Sneak (Kobold Assassin)                 Turns: 1607, Time: 00:09:52

Health: 0/21       AC:  3    Str:  8    XL:     3   Next: 55%
Magic:  3/3        EV: 14    Int: 12    God:
Gold:   63         SH:  0    Dex: 17    Spells: 2/2 levels left

rFire    . . .     SeeInvis .   a - +2 dagger
rCold    . . .     Gourm    .   (shield restricted)
rNeg     . . .     Faith    .   i - +0 robe
rPois    .         Spirit   .   (no helmet)
rElec    .         Reflect  .   c - +0 cloak
rCorr    .         Harm     .   (no gloves)
MR       +....                  (no boots)
Stlth    +++.......             (no amulet)
HPRegen  0.07/turn              (no ring)
MPRegen  0.08/turn              (no ring)

@: lethally poisoned (0 -> -2)
A: small, carnivore, magic resistance 1
a: no special abilities


You were on level 2 of the Dungeon.
You were very full.

You visited 1 branch of the dungeon, and saw 2 of its levels.

You collected 63 gold pieces.

Inventory:

Hand Weapons
 a - a +2 dagger (weapon)
 k - a +0 short sword
Missiles
 d - 8 poisoned darts (quivered)
 e - 2 curare-tipped darts
Armour
 b - a +0 robe
 c - a +0 cloak (worn)
 i - a +0 robe (worn)
Scrolls
 g - a scroll of fog {unknown}
 j - a scroll of teleportation {unknown}
Potions
 m - a potion of cancellation {unknown}
Comestibles
 f - 4 rations


   Skills:
 - Level 2.1 Fighting
 * Level 3.4 Short Blades
 + Level 2.3 Throwing
 + Level 1.3 Dodging
 + Level 6.4 Stealth


You had 2 spell levels left.
You didn't know any spells.
Your spell library was empty.

Dungeon Overview and Level Annotations

Branches:
Dungeon (2/15)

Altars:
Beogh


Innate Abilities, Weirdness & Mutations

You are small and have problems with some larger weapons.
You are carnivorous and can eat meat at any time.
You are resistant to hostile enchantments. (MR+)


Message History

The adder bites you but does no damage. The dart slug closely misses you.
You hit the adder but do no damage.
The adder is severely wounded.
The adder barely misses you.
You hit the adder.
The adder is almost dead.
The adder bites you. The dart slug bites you.
* * * LOW HITPOINT WARNING * * *
You barely miss the adder.
The adder is almost dead.
The adder bites you.
* * * LOW HITPOINT WARNING * * *
You hit the adder.
You kill the adder!
You feel sick. The dart slug launches a dart at you. The slug dart misses you.
The dart slug launches a dart at you. The slug dart hits you.
You die...

.# ########## .#
#.........
.##############.########
.#..............####....
.#.########..........#
<........##..........#
.)....##.##..........#
##..#.##.##..........#
.........##.....@....#
##....#####.....†w...#
#....# #..........#
#....# #..........#
#....# #.......)..#
#....# ####..####.#
#....# #..# .# #.....
... # #...##


You could see a dart slug.

Vanquished Creatures
  An adder (D:2)
  A giant cockroach (D:2)
  A goblin (D:2)
  4 hobgoblins (D:1)
  6 jackals
  4 bats (D:1)
  4 frilled lizards
  2 kobolds (D:1)
  2 rats
25 creatures vanquished.

Notes
Turn   | Place    | Note
-------+----------+-------------------------------------------
     0 | D:1      | DRShiny the Kobold Assassin began the quest for the Orb.
     0 | D:1      | Reached XP level 1. HP: 12/12 MP: 1/1
   151 | D:1      | Reached XP level 2. HP: 17/17 MP: 2/2
   521 | D:2      | Reached skill level 6 in Stealth
   586 | D:1      | Reached XP level 3. HP: 10/21 MP: 3/3
   881 | D:1      | Found a roughly hewn altar of Beogh.
   886 | D:1      | Noticed an orc warrior
  1166 | D:1      | Gained mutation: Your magical capacity is low. (-10% MP)
                  | [potion of mutation]
  1166 | D:1      | Lost mutation: Your magical capacity is low. (-10% MP)
                  | [potion of mutation]
  1166 | D:1      | Gained mutation: You are resistant to hostile enchantments.
                  | (MR+) [potion of mutation]
  1607 | D:2      | Killed from afar by a dart slug

Illustrated notes

Levels and vault maps discovered:
D:1:      erik_arrival_cave_to_civilisation [erik_arrival_cave_to_temple],
          layout_rooms
D:2:      layout_basic, first_ration, nrook_loot_triangle, minmay_misc_feat_iff,
          minmay_tree_intersection

Skill      XL: |  1  2 |
---------------+-------+-----
Short Blades   | 3 |  3.4
Stealth        | 6 |  6.4
Fighting       | |  2.1
Throwing       | |  2.3
Dodging        | |  1.3

Action                   || total
-------------------------++-------
Melee: Dagger            ||   113
  Use: Potion            ||     2
 Stab: Sleeping          ||     4
  Eat: Chunk             ||     9
Armor: Robe              ||    31
Dodge: Dodged            ||   122
